 Dungeon Crawl Stone Soup version 0.18.1-8-gdd0e5ea (webtiles) character file.

90 mistymad the Insei (level 4, -4/39 HPs)
             Began as a Naga Transmuter on May 21, 2016.
             Slain by an orc
             ... wielding a +0 war axe
              (8 damage)
             ... on level 2 of the Dungeon.
             The game lasted 00:08:40 (2782 turns).

mistymad the Insei (Naga Transmuter)                Turns: 2782, Time: 00:08:40

Health: -4/39      AC:  3    Str: 12    XL:     4   Next: 56%
Magic:  3/7        EV: 10    Int: 14    God:
Gold:   133        SH:  0    Dex: 12    Spells: 3 memorised, 1 level left

rFire  + . .     SeeInvis +       - Unarmed
rCold  x . .     Gourm    .     b - +0 robe
rNeg   . . .     Faith    .     (no shield)
rPois  +         Spirit   .     (no helmet)
rElec  .         Dismiss  .     f - +0 cloak
rCorr  .         Reflect  .     (no gloves)
SustAt .         Harm     .     (no barding)
MR     .....                    (no amulet)
Stlth  +.........               (no ring)
                                p - ring of fire

@: very slightly contaminated, very slow, not resistant to hostile enchantments,
very unstealthy
A: see invisible, deformed body, poison resistance, slowness 2, slow metabolism
1, spit poison 2, AC +1
a: Spit Poison


You were on level 2 of the Dungeon.
You were not hungry.

You visited 1 branch of the dungeon, and saw 3 of its levels.

You collected 133 gold pieces.

Inventory:

Missiles
 a - 48 arrows
Armour
 b - a +0 robe (worn)
 f - a +0 cloak (worn)
Jewellery
 p - a ring of fire (left hand)
 v - an uncursed ring of protection from fire {unknown}
Scrolls
 j - 2 scrolls of remove curse
 k - 2 scrolls of identify {unknown}
 l - a scroll of recharging {unknown}
 q - a scroll of magic mapping {unknown}
 r - a scroll of blinking {unknown}
Potions
 e - 2 potions of haste {unknown}
 g - 2 potions of invisibility {unknown}
 h - a potion of resistance {unknown}
 i - 4 potions of curing {unknown}
 m - 2 potions of berserk rage {unknown}
 o - 2 potions of mutation {unknown}
 t - a potion of brilliance {unknown}
 u - 2 potions of degeneration {unknown}
 x - a potion of lignification {unknown}
 z - a potion of agility {unknown}
Books
 c - a book of Changes

   Spells                             Type                      Level
   a - Beastly Appendage              Transmutation                1
   b - Sticks to Snakes               Transmutation                2
   c - Spider Form                    Transmutation/Poison         3
   d - Ice Form                       Ice/Transmutation            4
   e - Blade Hands                    Transmutation                5
Comestibles
 d - 4 bread rations
 n - 2 fruits
 s - a royal jelly
 w - 7 chunks of flesh


   Skills:
 + Level 2.2 Fighting
 + Level 1.9 Dodging
 + Level 3.8 Unarmed Combat
 + Level 2.4 Spellcasting
 + Level 2.4 Transmutations


You had one spell level left.
You knew the following spells:

 Your Spells              Type           Power        Failure   Level  Hunger
a - Beastly Appendage     Trmt           #.....       10%         1    #......
b - Sticks to Snakes      Trmt           #.......     14%         2    ###....
c - Spider Form           Trmt/Pois      #.........   47%         3    ###....


Dungeon Overview and Level Annotations

Branches:
Dungeon (3/15)

Altars:
Nemelex Xobeh
Xom


Innate Abilities, Weirdness & Mutations

You cannot wear boots.
Your serpentine skin is tough (AC +1).
You have supernaturally acute eyesight.
Armour fits poorly on your strangely shaped body.
Your system is resistant to poisons.
You cover ground very slowly.
You have a slow metabolism.
You can spit poison.


Message History

The orc barely misses you.
You closely miss the orc.
The orc is severely wounded.
The orc hits you with a war axe.
* * * LOW HITPOINT WARNING * * *
You closely miss the orc.
The orc is severely wounded.
Casting: Beastly Appendage
Confirm with . or Enter, or press ? or * to list all spells.
You miscast Beastly Appendage.
Your skin tingles.
The orc barely misses you.
You hit the orc but do no damage.
The orc is severely wounded.
The orc closely misses you.
You closely miss the orc.
The orc is severely wounded.
The orc barely misses you.
You hit the orc but do no damage.
The orc is severely wounded.
The orc hits you with a war axe!
You die...

# ###.......###..##..#..........
####.........##..####......######
..............#.## ###<....(....
##.......#..#.#.# ##.........#.
##............#.#####..........#.
...............................#.
...........................[...#.
.##......####.......###........#.
................@...###........#.
..........##.....o.............#.
..........##....#.##.##........##
..........##.........##........#
...#....^..............#.....###
........#....................#
#.....................>..<..)#
.....####.#..............#.###
.#..#######.........(.......#


You could see an orc.

Vanquished Creatures
  3 adders (D:2)
  2 oozes
  A worm (D:2)
  3 dart slugs
  4 orcs (D:3)
  5 bats
  3 giant cockroaches
  A goblin (D:2)
  2 hobgoblins
  4 jackals (D:1)
  A quokka (D:2)
  2 ball pythons
  2 giant newts
  3 kobolds (D:2)
  3 rats
39 creatures vanquished.

Vanquished Creatures (collateral kills)
  3 orcs (D:3)
3 creatures vanquished.

Vanquished Creatures (others)
  14 toadstools (D:1)
14 creatures vanquished.

Grand Total: 56 creatures vanquished

Notes
Turn   | Place    | Note
--------------------------------------------------------------
     0 | D:1      | mistymad the Naga Transmuter began the quest for the Orb.
     0 | D:1      | Reached XP level 1. HP: 18/18 MP: 3/3
   164 | D:1      | Reached XP level 2. HP: 20/25 MP: 3/5
   481 | D:1      | Learned a level 2 spell: Sticks to Snakes
   857 | D:1      | Reached XP level 3. HP: 20/31 MP: 4/6
  1780 | D:2      | Found a shimmering altar of Xom.
  1833 | D:2      | Reached XP level 4. HP: 13/39 MP: 7/7
  2327 | D:2      | Learned a level 3 spell: Spider Form
  2615 | D:3      | Found a sparkling altar of Nemelex Xobeh.
  2746 | D:3      | HP: 1/39 [orc/war axe (6)]
  2782 | D:2      | Slain by an orc

Skill      XL: |  1  2  3 |
---------------+----------+-----
Fighting       | 2 |  2.2
Dodging        | |  1.9
Unarmed Combat | |  3.8
Spellcasting   | |  2.4
Transmutations | |  2.4

Action                   |  1- 3 |  4- 6 || total
-------------------------+-------+-------++-------
Melee: Unarmed           |   115 |    41 ||   156
       Headbutt          |    10 |     7 ||    17
       Punch             |     3 |     1 ||     4
 Cast: Beastly Appendage |    20 |     9 ||    29
       Sticks to Snakes  |       |     3 ||     3
 Abil: Spit Poison       |     1 |     2 ||     3
  Use: Scroll            |     1 |       ||     1
  Eat: Chunk             |     2 |     3 ||     5
Armor: Robe              |    49 |     6 ||    55
Dodge: Dodged            |    85 |    28 ||   113
